 Dungeon Crawl Stone Soup version 0.27-a0-1105-g946c659c87 (webtiles) character file.

Game seed: 18032378198895169575

382 garrulousMonolith the Digger (level 6, -3/36 HPs)
             Began as a Gargoyle Earth Elementalist on Apr 25, 2021.
             Slain by an ogre
             ... wielding a +0 giant club
              (21 damage)
             ... on level 4 of the Dungeon on Apr 30, 2021.
             The game lasted 00:08:43 (3399 turns).

garrulousMonolith the Digger (GrEE)                 Turns: 3399, Time: 00:08:43

Health: -3/36      AC:  8    Str: 12    XL:     6   Next: 76%
Magic:  10/10      EV: 11    Int: 17    God:
Gold:   208        SH:  0    Dex: 10    Spells: 5/11 levels left

rFire    . . .     SeeInvis .   e - +0 dagger
rCold    . . .     Faith    .   (no shield)
rNeg     + . .     Spirit   .   f - +0 leather armour
rPois    ∞         Reflect  .   h - +0 helmet
rElec    +         Harm     .   (no cloak)
rCorr    .         Rampage  .   (no gloves)
Will     .....                  (no boots)
Stlth    ++........             (no amulet)
HPRegen  0.12/turn              (no ring)
MPRegen  0.12/turn              (no ring)

@: no status effects
A: AC +4, negative energy resistance 1, electricity resistance, torment
resistance 1, unbreathing 1, petrification resistance
a: no special abilities


You were on level 4 of the Dungeon.
You visited 1 branch of the dungeon, and saw 4 of its levels.

You collected 208 gold pieces.

Inventory:

Hand Weapons
 e - a +0 dagger (weapon)
Missiles
 b - 5 stones
 o - a throwing net
Armour
 c - a +0 robe
 f - a +0 leather armour (worn)
 h - a +0 helmet (worn)
Magical Staves
 j - a staff of fire
Scrolls
 d - 2 scrolls of fog {unknown}
 g - 2 scrolls of identify
 l - a scroll of teleportation {unknown}
 m - a scroll of enchant armour {unknown}
 n - a scroll of fear {unknown}
Potions
 a - a potion of ambrosia
 i - 2 potions of attraction
 k - a potion of heal wounds


   Skills:
 + Level 2.5 Fighting
 + Level 2.6 Armour
 - Level 1.5 Dodging
 - Level 2.1 Stealth
 + Level 3.1 Spellcasting
 * Level 2.6 Conjurations
 - Level 1.0 Transmutations
 * Level 5.9 Earth Magic


You had 5 spell levels left.
You knew the following spells:

 Your Spells              Type           Power      Damage    Failure   Level
a - Sandblast             Erth           44%        2d11      1%          1
b - Stone Arrow           Conj/Erth      34%        3d9       11%         3
c - Passwall              Tmut/Erth      11%        N/A       8%          2

Your spell library contained the following spells:

 Spells                   Type           Power      Damage    Failure   Level
 Petrify                  Tmut/Erth      14%        N/A       45%         4
 Lee's Rapid Deconstruct  Erth           11%        3d9*      47%         5
 Confusing Touch          Hex            2%         N/A       54%         3
 Gell's Gravitas          Tloc           1%         N/A       54%         3
 Metabolic Englaciation   Hex/Ice        1%         N/A       99%         5
 Yara's Violent Unravell  Hex/Tmut       2%         3d3       99%         5


Dungeon Overview and Level Annotations

Branches:
Dungeon (4/15)
 Temple: D:4-7

Altars:
Qazlal

Annotations:
D:3 2 transporters, Zeld's ghost, amateur OpCj


Innate Abilities, Weirdness & Mutations

Your stone body is resilient. (AC +4)
You are immune to poison.
You resist negative energy. (rN+)
You are resistant to electric shocks. (rElec)
You are resistant to unholy torment.
You can survive without breathing.
You are immune to petrification.


Message History

Aim: a gnoll, wielding a +0 flail (83% to hit)
The blast of sand hits the gnoll!
The gnoll is almost dead.
The gnoll hits you with a +0 flail. The gnoll hits you but does no damage.
Casting: Sandblast (safe; 1% risk of failure)
Confirm with . or Enter, or press ? or * to list all spells.
Aiming: Sandblast (safe; 1% risk of failure)
Press: ? - help, Shift-Dir - straight line, f/p - gnoll
Aim: a gnoll, wielding a +0 flail (almost dead, 83% to hit)
The blast of sand hits the gnoll!
You kill the gnoll!
The gnoll barely misses you.
Your magical contamination has completely faded away.
A bullfrog skeleton comes into view.
Found a stone staircase leading down.
The bullfrog skeleton hits you but does no damage.
The gnoll hits you from afar with a +0 spear.
The bullfrog skeleton closely misses you.
An ogre comes into view. It is wielding a +0 giant club.
The ogre shouts!
An endoplasm comes into view.
Found an escape hatch in the floor.
The bullfrog skeleton closely misses you.
Found a papyrus book.
Found a stone staircase leading down.
The bullfrog skeleton hits you. The ogre hits you with a +0 giant club!
The bullfrog skeleton hits you but does no damage.
Found a stone staircase leading up.
You see here a book of Misfortune.
You pick up a book of Misfortune and begin reading...
You add the spells Confusing Touch, Gell's Gravitas, Metabolic Englaciation and Yara's Violent Unravelling to your library.
The bullfrog skeleton hits you.
The bullfrog skeleton hits you but does no damage.
The bullfrog skeleton hits you.
There is a stone staircase leading up here.
The bullfrog skeleton hits you but does no damage.
The ogre hits you with a +0 giant club!!
Ouch! That really hurt!
You die...

...........#####...###
.............J...J...#
...[.......##........#
............#...........
.........>..............
#....####.###.########..
#.....# ## ####g.####
#..gZ@# ##..O.# #....#
#....# #....# #....#
######


You could see an ogre, 2 gnolls and a bullfrog skeleton.

Vanquished Creatures
  A necrophage (D:4)
  A scorpion (D:4)
  2 iguanas (D:4)
  A hound skeleton (D:4)
  4 gnolls
  5 adders
  An adder skeleton (D:4)
  4 worms
  3 dart slugs
  An orc (D:4)
  7 ball pythons
  3 endoplasms
  3 giant cockroaches
  7 hobgoblins
  7 jackals
  4 quokkas
  8 bats
  4 frilled lizards
  4 goblins
  2 kobolds
  7 rats
79 creatures vanquished.

Notes
Turn   | Place    | Note
-------+----------+-------------------------------------------
     0 | D:1      | garrulousMonolith the Gargoyle Earth Elementalist began the
                  | quest for the Orb.
     0 | D:1      | Reached XP level 1. HP: 10/10 MP: 3/3
    22 | D:1      | Found a faded altar of an unknown god.
   197 | D:1      | Reached XP level 2. HP: 16/16 MP: 3/5
   276 | D:1      | Reached skill level 1 in Transmutations
   331 | D:1      | Reached skill level 4 in Earth Magic
   587 | D:1      | Learned a level 2 spell: Passwall
   603 | D:2      | Reached skill level 1 in Fighting
   603 | D:2      | Reached skill level 1 in Armour
   603 | D:2      | Reached XP level 3. HP: 20/20 MP: 1/6
   862 | D:2      | Reached XP level 4. HP: 13/25 MP: 2/7
  1217 | D:2      | Learned a level 3 spell: Stone Arrow
  1664 | D:2      | Reached skill level 5 in Earth Magic
  1664 | D:2      | Reached XP level 5. HP: 30/30 MP: 5/8
  1712 | D:2      | Found a stormy altar of Qazlal.
  2054 | D:3      | Found a transporter.
  2075 | D:3      | Noticed Zeld's ghost (amateur OpCj)
  2082 | D:3      | Reached skill level 1 in Conjurations
  2382 | D:3      | Found a transporter.
  2683 | D:4      | Noticed a necrophage
  2690 | D:4      | Killed a necrophage
  2691 | D:4      | Reached XP level 6. HP: 30/35 MP: 5/10
  2937 | D:4      | Upgraded the game from 0.27-a0-1071-ga85bd9520d to
                  | 0.27-a0-1105-g946c659c87
  3399 | D:4      | Slain by an ogre

Illustrated notes

Levels and vault maps discovered:
D:1:      minmay_arrival_five_plusses, layout_rooms,
          hellmonk_ecumenical_altar_pennies_from_heaven
D:2:      layout_loops_ring, basic_altar
D:3:      kennysheep_big_flooded_room, layout_rooms, gammafunk_ghost_stat_death,
          amcnicky_mini_pool_small, grunt_ministairs_13
D:4:      layout_rooms

Skill      XL: |  1  2  3  4  5  6 |
---------------+-------------------+-----
Transmutations | 1 |  1.0
Earth Magic    | 4 5 |  5.9
Fighting       | 1 2 |  2.5
Armour         | 1 2 |  2.6
Conjurations   | 2 |  2.6
Spellcasting   | 3 |  3.1
Dodging        | |  1.5
Stealth        | |  2.1

Action                   |  1- 3 |  4- 6 || total
-------------------------+-------+-------++-------
Melee: Dagger            |     3 |   131 ||   134
 Cast: Sandblast         |    38 |    57 ||    95
       Passwall          |       |     2 ||     2
  Use: Scroll            |       |     3 ||     3
 Stab: Sleeping          |       |     1 ||     1
Armor: Robe              |    10 |       ||    10
       Leather armour    |       |    75 ||    75
Dodge: Dodged            |    11 |   101 ||   112

Table legend: (Time is in decaauts)
 A = Elapsed time spent in this place.
 B = Non-inter-level travel time spent in this place.
 C = Inter-level travel time spent in this place.
 D = Time resting spent in this place.
 E = Time spent auto-exploring this place.
 F = Levels seen in this place.
 G = Mean time per level.
                   A        B        C        D        E       F      G
               +--------+--------+--------+--------+--------+-----+--------+
         Total |   3400 |   3351 |     49 |    643 |   1747 |   4 |  850.0 |
       Dungeon |   3400 |   3351 |     49 |    643 |   1747 |   4 |  850.0 |
               +--------+--------+--------+--------+--------+-----+--------+

Top non-repeatable levels by time:
     D:2: 1107 daAuts
     D:3: 1042 daAuts
     D:1: 717 daAuts
     D:4: 533 daAuts
